 Dungeon Crawl Stone Soup version 0.29.1-14-g9c671dbff4 (webtiles) character file.

Game seed: 14174284438197645506

21 sanboga the Covered (level 2, -2/19 HPs)
             Began as a Gargoyle Fighter on Feb 16, 2023.
             Slain by Terence
             ... wielding a +0 flail
              (5 damage)
             ... on level 2 of the Dungeon.
             The game lasted 00:00:49 (652 turns).

sanboga the Covered (Gargoyle Fighter)               Turns: 652, Time: 00:00:50

Health: -2/19      AC:  9    Str: 17 (19) XL:     2   Next: 83%
Magic:  2/2        EV:  9    Int:  6 (8)  God:
Gold:   62         SH:  4    Dex:  7 (9)  Spells: 1/1 levels left

rFire   . . .      SeeInvis .   a - +0 war axe
rCold   . . .      Faith    .   c - +0 buckler
rNeg    + . .      Spirit   .   b - +0 scale mail
rPois   ∞          Reflect  .   (no helmet)
rElec   +          Harm     .   (no cloak)
rCorr   .          Rampage  .   (no gloves)
Will    .....                   (no boots)
Stlth   ..........              (no amulet)
HPRegen 0.06/turn               (no ring)
MPRegen 0.08/turn               (no ring)

@: mighty
A: sickness immunity, AC +2, negative energy resistance 1, electricity
resistance, torment resistance 1, petrification resistance
a: no special abilities


You were on level 2 of the Dungeon.
You visited 1 branch of the dungeon, and saw 2 of its levels.

You collected 62 gold pieces.

Inventory:

Hand Weapons
 a - a +0 war axe (weapon)
Armour
 b - a +0 scale mail (worn)
 c - a +0 buckler (worn)
Scrolls
 e - a scroll of summoning {unknown}
 h - a scroll of vulnerability {unknown}
 i - a scroll of identify {unknown}
 j - a scroll of noise {unknown}
Potions
 d - a potion of might
 g - a potion of curing {unknown}


   Skills:
 + Level 3.5 Fighting
 * Level 2.3 Axes
 + Level 3.5 Armour
 + Level 3.5 Shields


You had one spell level left.
You didn't know any spells.
Your spell library contained the following spells:

 Spells                   Type           Power      Damage    Failure   Level
 Wereblood                Tmut           0%         N/A       97%         2
 Summon Hydra             Summ           0%         N/A       100%        7
 Sublimation of Blood     Necr           Unusable   N/A       N/A         2

Dungeon Overview and Level Annotations

Branches:
Dungeon (1/15)

Altars:

Annotations:
D:2 Terence


Innate Abilities, Weirdness & Mutations

You are immune to sickness and miasma.
Your stone body is resilient. (AC +2)
You are immune to poison.
You resist negative energy. (rN+)
You are resistant to electric shocks. (rElec)
You are resistant to unholy torment.
You are immune to petrification.


Message History

You closely miss the adder.
The adder bites you but does no damage. x2
The kobold hits you with a +2 dagger of venom.
You closely miss the adder. You hit the kobold.
You kill the kobold!
The adder bites you but does no damage. You block the adder's attack.
You barely miss the adder. The adder closely misses you.
You miss the adder. You slash the goblin!
You kill the goblin!
The adder bites you but does no damage. The adder closely misses you.
Terence says, "Did you write a will?
You should..."
Terence hits you but does no damage.
You barely miss the adder. You hit Terence but do no damage.
You block the adder's attack. You block Terence's attack.
The adder bites you but does no damage.
You barely miss the adder. You hit Terence but do no damage.
The adder bites you but does no damage. Terence hits you but does no damage.
You block the adder's attack. Terence hits you but does no damage.
You hit the adder but do no damage. You closely miss Terence.
The adder bites you. Terence hits you with a +0 flail. The adder bites you.
You barely miss the adder. You hit Terence but do no damage.
The adder bites you but does no damage. You block Terence's attack.
The adder bites you but does no damage. You block Terence's attack.
You miss the adder. You hit Terence but do no damage.
The adder barely misses you. Terence closely misses you. The adder bites you.
You are too injured to fight recklessly!
You are too injured to fight recklessly!
You are too injured to fight recklessly!
You are too injured to fight recklessly!
You are too injured to fight recklessly!
You are too injured to fight recklessly!
You are too injured to fight recklessly!
You feel very mighty all of a sudden. Terence hits you with a +0 flail.
* * * LOW HITPOINT WARNING * * *
The adder closely misses you.
It was a potion of degeneration.
There was something very wrong with that liquid.
You feel weakened.
You feel dopey.
You feel clumsy. The adder bites you but does no damage.
Terence hits you with a +0 flail.
You die...

##########.# .#
#..........####.#
###########...#.#
####...#.#
#........#
#.##..†###
#........#
..........#####...
.##.......@Sr.....
#######..@......
#.(.......
###....... .......
...$... .[.....
.......


You could see Terence, an adder and a rat.

Vanquished Creatures
  A dart slug (D:1)
  2 bats (D:1)
  2 endoplasms (D:1)
  2 giant cockroaches (D:1)
  2 goblins
  A hobgoblin (D:1)
  A quokka (D:1)
  A ball python (D:1)
  A frilled lizard (D:2)
  A kobold (D:2)
  5 rats
19 creatures vanquished.

Notes
Turn   | Place    | Note
-------+----------+-------------------------------------------
     0 | D:1      | sanboga the Gargoyle Fighter began the quest for the Orb.
     0 | D:1      | Reached XP level 1. HP: 14/14 MP: 1/1
   212 | D:1      | Reached XP level 2. HP: 19/19 MP: 2/2
   618 | D:1      | You fall into a shaft and drop 1 floor!
   640 | D:2      | Noticed Terence
   652 | D:2      | Slain by Terence

Illustrated notes

Levels and vault maps discovered:
D:1:      psy_arrival_statuary, layout_loops_corners, hangedman_decor_lopped,
          minmay_misc_feat_rows
D:2:      layout_basic, basic_altar, basic_ecumenical_altar,
          chequers_serial_rivers_marsh, grunt_ministairs_4, uniq_terence

Skill      XL: |  1 |
---------------+----+-----
Axes           | 2 |  2.3
Fighting       | |  3.5
Armour         | |  3.5
Shields        | |  3.5

Action                   || total
-------------------------++-------
Melee: War axe           ||    72
  Use: Potion            ||     2
Armor: Scale mail        ||    52
Dodge: Dodged            ||    32
Block: Buckler           ||    21
